 Dungeon Crawl Stone Soup version 0.20-a0-823-gdec668e (webtiles) character file.

1094 Laan the Cleaver (level 8, -1/103 HPs)
             Began as a Naga Berserker on Mar 5, 2017.
             Was an Elder of Trog.
             Slain by a centaur (3 damage)
             ... on level 5 of the Dungeon.
             The game lasted 00:09:14 (5039 turns).

Laan the Cleaver (Naga Berserker)                   Turns: 5039, Time: 00:09:15

Health: -1/103     AC: 11    Str: 28    XL:     8   Next: 31%
Magic:  8/8        EV:  7    Int:  7    God:    Trog [****..]
Gold:   293        SH:  2    Dex: 10    Spells: 7/7 levels left

rFire    + . .     SeeInvis +   a - +1 hand axe
rCold    + . .     Gourm    .   t - +0 chain mail
rNeg     . . .     Faith    .   (no shield)
rPois    +         Spirit   .   (no helmet)
rElec    .         Reflect  +   G - +0 cloak
rCorr    .         Harm     .   i - +2 pair of gloves
MR       +....                  (no barding)
Stlth    ..........             A - amulet of Pecidoano {Reflect rF+ SH+2}
Regen    0.3/turn               (no ring)
MPRegen  0.2/turn               s - ring of protection from cold

@: berserking, quick
A: see invisible, deformed body, poison resistance, slowness 2, slow metabolism
1, spit poison 1, AC +2
a: Spit Poison, Berserk, Trog's Hand, Brothers in Arms, Burn Spellbooks,
Renounce Religion


You were on level 5 of the Dungeon.
You worshipped Trog.
Trog was greatly pleased with you.
You were very hungry.

You visited 1 branch of the dungeon, and saw 5 of its levels.

You collected 293 gold pieces.

Inventory:

Hand Weapons
 a - a +1 hand axe (weapon)
Missiles
 y - 3 javelins of returning (quivered)
Armour
 i - a +2 pair of gloves (worn)
 t - a +0 chain mail (worn)
 G - a +0 cloak (worn)
Jewellery
 s - a ring of protection from cold (left hand)
 A - the amulet of Pecidoano (around neck) {Reflect rF+ SH+2}
   (You found it on level 4 of the Dungeon)

   [amulet of reflection]

   It shields you and reflects attacks.
   It protects you from fire.
   It affects your SH (+2).
Wands
 n - a wand of iceblast (9/15)
 r - a wand of random effects (28/48)
 u - a wand of polymorph (10/24)
Scrolls
 b - 2 scrolls of remove curse
 d - a scroll of noise {unknown}
 e - 5 scrolls of identify
 g - 5 scrolls of amnesia {unknown}
 j - a scroll of recharging {unknown}
 k - a scroll of immolation {unknown}
 l - 3 scrolls of enchant weapon
 o - 4 scrolls of enchant armour {unknown}
 p - 3 scrolls of magic mapping {unknown}
 w - 2 scrolls of teleportation {unknown}
 E - a scroll of torment {unknown}
Potions
 f - a potion of cancellation
 h - 2 potions of heal wounds {unknown}
 m - 5 potions of curing {unknown}
 q - a potion of mutation {unknown}
 v - a potion of lignification {unknown}
 B - a potion of haste {unknown}
 C - 2 potions of flight {unknown}
 D - a potion of resistance {unknown}
Comestibles
 c - 5 bread rations
 x - 3 royal jellies
 z - 2 meat rations


   Skills:
 - Level 3.0 Fighting
 + Level 10.0 Axes
 - Level 1.5 Armour
 - Level 1.5 Dodging


You had 7 spell levels left.
You didn't know any spells.

Dungeon Overview and Level Annotations

Branches:
Dungeon (5/15)
 Temple: D:4-7

Altars:
Cheibriados
Fedhas
Gozag
Kikubaaqudgha
Ru
Trog

Shops:
D:5 :


Innate Abilities, Weirdness & Mutations

You cannot wear boots.
Your serpentine skin is tough. (AC +2)
You have supernaturally acute eyesight. (SInv)
Armour fits poorly on your strangely shaped body.
Your system is resistant to poisons. (rPois)
You cover ground very slowly.
You have a slow metabolism.
You can spit poison.


Message History

The orc wizard gestures at you while chanting.
The magic dart hits you!
* * * LOW HITPOINT WARNING * * *
The orc hits you but does no damage. The orc hits you with a short sword.
* * * LOW HITPOINT WARNING * * *
You are feeling very hungry.
You slash the orc!
You kill the orc!
Trog accepts your kill.
You closely miss the orc.
The centaur shoots an arrow.
The arrow hits you.
* * * LOW HITPOINT WARNING * * *
You slice the orc!!
You kill the orc!
Trog accepts your kill.
The centaur shoots an arrow.
The arrow hits you.
* * * LOW HITPOINT WARNING * * *
You are too berserk!
The centaur unwields an uncursed shortbow.
The centaur hits you.
You die...

#............#.#
###########'##.#
#.##.#
#########'##)####
#.(........))....
#.(.........)####
########(.......<...#
.......(............#
......o@.############
.....o.c.# .........#
.........# .........#
.........# .........#
##.......#


You could see a centaur, an orc priest and an orc wizard.

Vanquished Creatures
  The ghost of Aksej the Sneak, an amateur OpAs (D:3)
  3 ogres
  A big kobold (D:4)
  A scorpion (D:5)
  2 vampire bats (D:5)
  A howler monkey (D:5)
  A crimson imp (D:5)
  2 hounds
  3 orc priests
  An iguana (D:4)
  2 worker ants
  2 gnolls (D:1)
  5 adders
  A shadow imp (D:5)
  An ooze (D:3)
  2 adder skeletons
  4 worms
  A dart slug (D:3)
  6 leopard geckos
  13 orcs
  5 bat skeletons (D:5)
  A bat zombie (D:5)
  11 giant cockroaches
  8 goblins
  18 hobgoblins
  3 quokkas
  A ball python (D:3)
  7 bats
  9 frilled lizards
  26 kobolds
  7 rats
  A plant (D:4)
150 creatures vanquished.

Vanquished Creatures (others)
  A plant (D:4)
1 creature vanquished.

Grand Total: 151 creatures vanquished

Notes
Turn   | Place    | Note
-------+----------+-------------------------------------------
     0 | D:1      | Laan the Naga Berserker began the quest for the Orb.
     0 | D:1      | Reached XP level 1. HP: 21/21 MP: 1/1
    20 | D:1      | Reached XP level 2. HP: 10/28 MP: 2/2
   307 | D:1      | Reached skill level 4 in Axes
   368 | D:1      | Reached XP level 3. HP: 25/34 MP: 3/3
  1495 | D:1      | Reached XP level 4. HP: 30/42 MP: 4/4
  1713 | D:2      | Reached ** piety under Trog
  1773 | D:2      | Reached skill level 5 in Axes
  2052 | D:2      | Found a snail-covered altar of Cheibriados.
  2361 | D:3      | Reached XP level 5. HP: 49/49 MP: 5/5
  2681 | D:3      | Noticed an ogre
  2725 | D:3      | Killed an ogre
  2725 | D:3      | Reached skill level 6 in Axes
  2725 | D:3      | Reached XP level 6. HP: 56/56 MP: 6/6
  2835 | D:3      | Reached *** piety under Trog
  3124 | D:3      | Noticed Aksej's ghost (amateur OpAs)
  3142 | D:3      | Killed Aksej's ghost
  3142 | D:3      | Reached skill level 7 in Axes
  3376 | D:4      | Found a blossoming altar of Fedhas.
  3376 | D:4      | Found a bloodstained altar of Trog.
  3432 | D:4      | Reached XP level 7. HP: 44/62 MP: 7/7
  3502 | D:4      | Reached skill level 8 in Axes
  3517 | D:4      | Reached **** piety under Trog
  3585 | D:4      | Got a glittering diamond amulet
  3586 | D:4      | Identified the amulet of Pecidoano {Reflect rF+ SH+2} (You found it on level 4 of the Dungeon)
  4159 | D:5      | Entered Level 5 of the Dungeon
  4210 | D:5      | Found Baetuyvy's Book Shoppe.
  4250 | D:5      | Found a sacrificial altar of Ru.
  4303 | D:5      | Reached skill level 9 in Axes
  4335 | D:5      | Reached XP level 8. HP: 32/69 MP: 8/8
  4614 | D:5      | Found an opulent altar of Gozag.
  4943 | D:5      | Found an ancient bone altar of Kikubaaqudgha.
  4953 | D:5      | Reached skill level 10 in Axes
  5037 | D:5      | HP: 5/103 [centaur/arrow (6)]
  5038 | D:5      | HP: 2/103 [centaur/arrow (3)]
  5039 | D:5      | Slain by a centaur

Vault maps used:
D:1:      eino_arrival_tree_alley, minmay_surrounded
D:2:      lemuel_round_altar
D:3:      gup_sewer_entry_bowl, st_stairs_12, minmay_goblin_outpost
D:4:      kennysheep_kobold_camp, gammafunk_temple_overflow_elements,
          first_bread
D:5:      kennysheep_vampire_church, nicolae_ru_awakened_eye,
          grunt_gozag_breadcrumbs, kennysheep_little_box, serial_shops, shop

Skill      XL: |  1  2  3  4  5  6  7  8 |
---------------+-------------------------+-----
Axes           | 4 5 6 7 9 10 | 10.0
Fighting       | |  3.0
Armour         | |  1.5
Dodging        | |  1.5

Action                   |  1- 3 |  4- 6 |  7- 9 || total
-------------------------+-------+-------+-------++-------
Melee: Hand axe          |   100 |   276 |   184 ||   560
Invok: Berserk           |       |     2 |     3 ||     5
  Use: Scroll            |       |     3 |     2 ||     5
  Eat: Chunk             |     1 |     8 |     6 ||    15
Armor: Ring mail         |    25 |    30 |       ||    55
       Leather armour    |     6 |       |       ||     6
       Scale mail        |       |   110 |       ||   110
       Chain mail        |       |    22 |    95 ||   117
Dodge: Dodged            |    51 |   124 |    55 ||   230
Block: Other             |       |       |    13 ||    13
